 Dungeon Crawl Stone Soup version 0.28.0-43-g3370ac3207 (webtiles) character file.

Game seed: 4306841579673285440

53 tizbic2 the Skirmisher (level 3, 0/34 HPs)
             Began as a Naga Fighter on Mar 13, 2022.
             Succumbed to an adder's poison
             ... on level 1 of the Dungeon.
             The game lasted 00:04:56 (1340 turns).

tizbic2 the Skirmisher (Naga Fighter)               Turns: 1340, Time: 00:04:57

Health: 0/34       AC:  4    Str: 20    XL:     3   Next: 87%
Magic:  3/3        EV:  7    Int: 10    God:
Gold:   98         SH:  5    Dex: 10    Spells: 2/2 levels left

rFire   . . .      SeeInvis +   a - +0 trident
rCold   . . .      Faith    .   c - +1 buckler
rNeg    . . .      Spirit   .   b - +0 scale mail
rPois   +          Reflect  .   (no helmet)
rElec   .          Harm     .   (no cloak)
rCorr   .          Rampage  .   (no gloves)
Will    .....                   (no barding)
Stlth   ..........              (no amulet)
HPRegen 0.11/turn               f - +4 ring of slaying
MPRegen 0.08/turn               (no ring)

@: lethally poisoned (0 -> -5), short of breath, very slow
A: AC +1, large, see invisible, deformed body, poison resistance, slowness 2,
spit poison 1, naga tail 1, clever 1
a: Spit Poison


You were on level 1 of the Dungeon.
You visited 1 branch of the dungeon, and saw 2 of its levels.

You collected 98 gold pieces.

Inventory:

Hand Weapons
 a - a +0 trident (weapon)
Missiles
 e - 7 stones
Armour
 b - a +0 scale mail (worn)
 c - a +1 buckler (worn)
Jewellery
 f - a +4 ring of slaying (left hand)
Potions
 g - a potion of brilliance


   Skills:
 + Level 3.3 Fighting
 * Level 2.7 Polearms
 + Level 2.7 Armour
 * Level 3.0 Shields


You had 2 spell levels left.
You didn't know any spells.
Your spell library contained the following spells:

 Spells                   Type           Power      Damage    Failure   Level
 Corpse Rot               Necr/Air       0%         N/A       90%         2
 Poisonous Vapours        Pois/Air       0%         N/A       90%         2


Dungeon Overview and Level Annotations

Branches:
Dungeon (2/15)

Altars:


Innate Abilities, Weirdness & Mutations

Your serpentine skin is tough. (AC +1)
You have supernaturally acute eyesight. (SInv)
Armour fits poorly on your strangely shaped body.
Your system is resistant to poisons. (rPois)
You cover ground very slowly.
You can spit poison.
You have a snake-like lower body.
Your mind is acute. (Int +2)


Message History

You puncture the adder!
The adder is almost dead.
The adder bites you but does no damage. x2; You block the adder's attack.
The adder bites you.
You closely miss the adder.
The adder is almost dead.
The adder bites you.
* * * LOW HITPOINT WARNING * * *
The adder bites you.
* * * LOW HITPOINT WARNING * * *
The adder closely misses you.
Aiming: Spit Poison (2% risk of failure)
Press: ? - help, Q - select action, (/) - cycle Shift-Dir - straight line, f - adder
Aim: an adder (almost dead, 37% to hit)
The splash of poison misses the adder.
The adder bites you.
* * * LOW HITPOINT WARNING * * *
The adder barely misses you. You block the adder's attack.
You puncture the adder!
You kill the adder!
The adder barely misses you.
Your Shields skill increases to level 3!
You barely miss the adder.
You have got your breath back.
You block the adder's attack. The adder bites you but does no damage.
Aiming: Spit Poison (2% risk of failure)
Press: ? - help, Q - select action, (/) - cycle Shift-Dir - straight line, f - adder
Aim: an adder (37% to hit)
The splash of poison hits the adder!
The adder is poisoned.
The adder is heavily wounded.
The adder bites you.
* * * LOW HITPOINT WARNING * * *
You are lethally poisoned!
The adder poisons you!
Okay, then.
Blink to where?
Press: ? - help, Dir - move target, p - adder
As you read the scroll labelled BANLIXT PUMM, it crumbles to dust.
It was a scroll of blinking.
You die...

.# #.......# .#
#######.# .# #.#
.# #.# .# ######.#
.## #...##.####
..# #......[..#
.#######...##.##.#
..........###.##@#
#########.....##.#
#.######.# #.#
#.## #.# #..# #.#
##.# #.# #.#
####.# #ยง# #....#
#S#


There were no monsters in sight!

Vanquished Creatures
  3 adders
  2 ball pythons
  An endoplasm (D:1)
  3 giant cockroaches
  2 hobgoblins (D:1)
  4 kobolds
  A bat (D:2)
  3 frilled lizards (D:1)
  3 goblins
  6 rats
28 creatures vanquished.

Notes
Turn   | Place    | Note
-------+----------+-------------------------------------------
     0 | D:1      | tizbic2 the Naga Fighter began the quest for the Orb.
     0 | D:1      | Reached XP level 1. HP: 21/21 MP: 1/1
   212 | D:1      | Reached XP level 2. HP: 28/28 MP: 2/2
   626 | D:1      | Gained mutation: Your mind is acute. (Int +2) [potion of
                  | mutation]
   715 | D:1      | Identified a scroll of acquirement
   715 | D:1      | Acquired a +4 ring of slaying
   987 | D:2      | Reached XP level 3. HP: 8/34 MP: 3/3
  1340 | D:1      | Succumbed to an adder's poison

Illustrated notes

Levels and vault maps discovered:
D:1:      lemuel_arrival_cross, layout_loops_ring,
          wander_ebering_terrifying_dragon_lair
D:2:      minmay_recursive_quarters, layout_rooms, basic_altar, minivault_25

Skill      XL: |  1  2  3 |
---------------+----------+-----
Shields        | 3 |  3.0
Fighting       | |  3.3
Polearms       | |  2.7
Armour         | |  2.7

Action                   || total
-------------------------++-------
Melee: Trident           ||    57
 Abil: Spit Poison       ||    17
  Use: Scroll            ||     5
       Potion            ||     2
Armor: Scale mail        ||    42
Dodge: Dodged            ||    35
Block: Buckler           ||    28
